 Dungeon Crawl Stone Soup version 0.29.1-2-gbd0b4ee654 (webtiles) character file.

Game seed: 11270351301599894800

861 hawla the Arsonist (level 8, 0/58 HPs)
             Began as a Meteoran Fire Elementalist on Nov 3, 2022.
             Splashed by a jelly's acid (10 damage)
             ... on level 5 of the Dungeon.
             The game lasted 00:12:46 (2980 turns).

hawla the Arsonist (Meteoran Fire Elementalist)     Turns: 2980, Time: 00:12:46

Health: 0/58       AC: -7    Str: 14    XL:     8   Next: 46%
Magic:  1/15       EV: 12    Int: 18    God:
Gold:   160        SH:  0    Dex: 13    Spells: 9/16 levels left

rFire   . . .      SeeInvis .   b - staff of death
rCold   . . .      Faith    .   (no shield)
rNeg    + . .      Spirit   .   a - +1 robe
rPois   .          Reflect  .   (no helmet)
rElec   .          Harm     .   (no cloak)
rCorr   .          Rampage  .   (no gloves)
Will    +....                   n - +1 pair of boots
Stlth   +.........              i - amulet of regeneration
HPRegen 0.99/turn               (no ring)
MPRegen 0.14/turn               (no ring)

@: about to teleport, corroded, glowing, bezotted, unable to drink
A: sense surroundings 1, otherworldly, glowing, explore regen, strong 1,
inability to drink after injury 1
a: no special abilities


You were on level 5 of the Dungeon.
You visited 1 branch of the dungeon, and saw 5 of its levels.

You collected 160 gold pieces.

Inventory:

Hand Weapons
 h - a +1 quarterstaff of freezing
Armour
 a - a +1 robe (worn)
 n - a +1 pair of boots (worn)
Magical Staves
 b - a staff of death (weapon)
Jewellery
 i - an amulet of regeneration (around neck)
 k - a ring of fire
Wands
 l - a wand of paralysis (14) (quivered)
 q - a wand of iceblast (6)
Scrolls
 f - a scroll of identify
 g - a scroll of fog
 m - a scroll of amnesia {unknown}
 r - a scroll of teleportation
Potions
 c - a potion of attraction
 d - a potion of ambrosia
 e - a potion of might
 j - a potion of flight
 o - 3 potions of mutation
 p - 2 potions of invisibility


   Skills:
 + Level 0.4 Fighting
 + Level 2.9 Dodging
 - Level 1.4 Stealth
 + Level 4.5 Spellcasting
 + Level 3.4 Conjurations
 + Level 2.0 Necromancy
 + Level 9.0 Fire Magic
 + Level 2.0 Evocations


You had 9 spell levels left.
You knew the following spells:

 Your Spells              Type           Power      Damage    Failure   Level
a - Foxfire               Conj/Fire      100%       2x1d9     1%          1
b - Scorch                Fire           72%        2d9       1%          2
c - Flame Wave            Conj/Fire      26%        2d8       11%         4

Your spell library contained the following spells:

 Spells                   Type           Power      Damage    Failure   Level
 Magic Dart               Conj           64%        1d6       3%          1
 Conjure Flame            Conj/Fire      26%        6-21      3%          3
 Inner Flame              Hex/Fire       20%        N/A       6%          3
 Call Imp                 Summ           4%         N/A       22%         2
 Mephitic Cloud           Conj/Pois/Air  8%         N/A       26%         3


Dungeon Overview and Level Annotations

Branches:
Dungeon (5/15) Zot: 14
 Temple: D:4-7

Altars:
Elyvilon
Qazlal
The Shining One


Innate Abilities, Weirdness & Mutations

You passively map a small area around you.
You are easily found by Zot.
You glow in the dark.
You regain HP and MP as you explore.
Your muscles are strong. (Str +4, Int/Dex -1)
You occasionally lose the ability to drink potions when taking damage.


Message History

The jelly's fire resistance burns away.
The hound closely misses you.
Casting: Scorch (safe; 1% risk of failure)
Confirm with . or Enter, or press ? or * to list all spells.
You conjure some foxfire!
The hound closely misses you. The hound misses you.
You barely miss the hound. You punch the hound, but do no damage.
The foxfire hits the hound.
The hound is moderately wounded.
The foxfire hits the hound.
The hound is heavily wounded.
The hound completely misses you. The hound bites you.
Casting: Foxfire (safe; 1% risk of failure)
Confirm with . or Enter, or press ? or * to list all spells.
You conjure some foxfire!
The hound bites you but does no damage.
You hit the hound but do no damage.
The hound is heavily wounded.
The foxfire hits the hound!
The hound is almost dead.
The foxfire hits the hound.
The hound is almost dead.
The hound bites you. x2
You hit the hound.
The hound writhes in agony.
You kill the hound!
The jelly is no longer more vulnerable to fire.
You hit the jelly.
Your hands burn!
The jelly is almost dead.
The jelly hits you. The acid corrodes you!
You are splashed with acid!
You feel threatened and lose the ability to drink potions!
You hit the jelly but do no damage.
Your hands burn!
The jelly is almost dead.
The jelly hits you.
* * * LOW HITPOINT WARNING * * *
The acid corrodes you!
You are splashed with acid.
* * * LOW HITPOINT WARNING * * *
Unknown command.
You cannot drink potions in your current state!
As you read the scroll of teleportation, it crumbles to dust.
You feel strangely unstable. The jelly hits you.
* * * LOW HITPOINT WARNING * * *
The acid corrodes you!
You are splashed with acid!
You die...

, ,, * ,, , , * ,
#.########### *
#........§... * ,
,######.#.####§ * . **
##...####.# #.
.).#####.....###.## #.
, #....@.)..#..##...#
#.
,...##J##.....#....###.
. #...##...##.....### *
#.....##.#####.#.#
,#.......#.# #.#.#
#...=...#.# #.#.### , #
* ,#.# #.#.... ##. *
,,##.## #.##### #... ,
##...## #. #


You could see a jelly.

Vanquished Creatures
  An orc warrior (D:5)
  A sky beast (D:5)
  A necrophage (D:4)
  A howler monkey (D:4)
  3 hounds (D:5)
  2 jellies (D:5)
  An orc priest (D:5)
  3 iguanas
  2 orc wizards (D:5)
  9 gnolls
  8 adders
  An ufetubus (D:5)
  2 worms
  2 dart slugs
  15 orcs
  10 endoplasms
  A giant cockroach (D:2)
  11 goblins
  2 hobgoblins
  3 jackals (D:1)
  2 quokkas
  5 ball pythons
  5 bats
  A frilled lizard (D:3)
  A kobold (D:3)
  3 rats (D:2)
96 creatures vanquished.

Vanquished Creatures (others)
  138 foxfires
138 creatures vanquished.

Grand Total: 234 creatures vanquished

Notes
Turn   | Place    | Note
-------+----------+-------------------------------------------
     0 | D:1      | hawla the Meteoran Fire Elementalist began the quest for
                  | the Orb.
     0 | D:1      | Reached XP level 1. HP: 14/14 MP: 5/5
    96 | D:1      | Reached XP level 2. HP: 20/20 MP: 6/6
   193 | D:1      | Learned a level 2 spell: Scorch
   288 | D:1      | Reached skill level 4 in Fire Magic
   475 | D:1      | Reached XP level 3. HP: 26/26 MP: 2/8
   500 | D:1      | Glimpsed the power of Zot.
   554 | D:2      | Reached XP level 4. HP: 19/33 MP: 0/10
  1001 | D:2      | Learned a level 4 spell: Flame Wave
  1100 | D:2      | Glimpsed the power of Zot.
  1192 | D:3      | Reached XP level 5. HP: 38/38 MP: 8/11
  1278 | D:3      | Identified the +1 ring mail of the Jabberwock {Will+ Dex+4}
  1286 | D:3      | Identified the +4 chain mail "Emmos" {Dex+2}
  1335 | D:3      | Reached skill level 5 in Fire Magic
  1700 | D:3      | Glimpsed the power of Zot.
  1727 | D:4      | Reached XP level 6. HP: 13/45 MP: 2/12
  1737 | D:4      | Gained mutation: You occasionally lose the ability to drink
                  | potions when taking damage. [potion of mutation]
  1737 | D:4      | Gained mutation: Your muscles are strong. (Str +4, Int/Dex
                  | -1) [potion of mutation]
  1742 | D:4      | Reached skill level 6 in Fire Magic
  1845 | D:4      | Found a stormy altar of Qazlal.
  2300 | D:4      | Glimpsed the power of Zot.
  2318 | D:5      | Entered Level 5 of the Dungeon
  2395 | D:4      | Reached skill level 7 in Fire Magic
  2481 | D:4      | Reached XP level 7. HP: 50/50 MP: 9/13
  2522 | D:4      | Found a white marble altar of Elyvilon.
  2690 | D:5      | Found a glowing golden altar of the Shining One.
  2749 | D:5      | Reached skill level 8 in Fire Magic
  2896 | D:5      | Glimpsed the power of Zot.
  2919 | D:5      | Reached XP level 8. HP: 58/58 MP: 10/15
  2940 | D:5      | Reached skill level 1 in Evocations
  2946 | D:5      | Glimpsed the power of Zot.
  2963 | D:5      | Reached skill level 9 in Fire Magic
  2980 | D:5      | Splashed by a jelly's acid

Illustrated notes

Levels and vault maps discovered:
D:1:      heliophobic_arrival_glass_houses, layout_loops_ring,
          chequers_ecumenical_altar_grove
D:2:      layout_loops_ring
D:3:      layout_basic, lemuel_blue_sif_altar
D:4:      layout_basic, overflow_temple_1_default, mainiacjoe_overflow_alcove_4
D:5:      minmay_octagon_keep, layout_loops_ring, mainiacjoe_overflow_24_doors,
          lemuel_temple_firewalk_b, minmay_misc_feat_enclosed

Skill      XL: |  1  2  3  4  5  6  7  8 |
---------------+-------------------------+-----
Fire Magic     | 4 5 7 8 9 |  9.0
Spellcasting   | 3 4 |  4.5
Conjurations   | 2 3 |  3.4
Evocations     | 2 |  2.0
Necromancy     | 2 |  2.0
Fighting       | |  0.4
Dodging        | |  2.9
Stealth        | |  1.4

Action                   |  1- 3 |  4- 6 |  7- 9 || total
-------------------------+-------+-------+-------++-------
Melee: Unarmed           |     5 |    11 |       ||    16
       Staff             |       |     3 |    25 ||    28
       Punch             |       |       |     1 ||     1
 Cast: Foxfire           |    34 |    41 |    12 ||    87
       Scorch            |     3 |    33 |    14 ||    50
       Flame Wave        |       |     4 |     6 ||    10
Evoke: Wand              |       |     4 |     2 ||     6
  Use: Scroll            |       |     9 |     6 ||    15
       Potion            |       |     6 |       ||     6
 Stab: Paralysed         |       |       |     4 ||     4
Armor: Robe              |     6 |     9 |    16 ||    31
       Skin              |       |    14 |       ||    14
Dodge: Dodged            |    10 |    23 |    30 ||    63
